[Event "Titled Tuesday Blitz January 10 Early 2023"]
[White "Weetik, Vjacheslav"]
[Black "Bas Mas, Jose Joaquin"]
[WhiteFideId "4153472"]
[BlackFideId "22219064"]
[WhiteElo "2423"]
[BlackElo "2197"]
[Result "1-0"]
[Round "11"]
[TimeControl "180+2"]
[Date "2023.01.10"]
[WhiteClock "0:00:05"]
[BlackClock "0:00:03"]

1. e4 Nf6 2. e5 Nd5 3. d4 d6 4. Nf3 dxe5 5. Nxe5 c6 6. Be2 Bf5 7. g4 Bg6 8. h4 f6 9. Nxg6 hxg6 10. Qd3 Kf7 11. h5 gxh5 12. gxh5 e6 13. Qg6+ Ke7 14. Bd2 Qe8 15. Qg3 Nd7 16. c4 N5b6 17. Nc3 Qf7 18. O-O-O e5 19. c5 Nc4 20. dxe5 Ndxe5 21. Bf4 Rd8 22. Bxc4 Qxc4 23. Bxe5 Rxd1+ 24. Rxd1 fxe5 25. Qxe5+ Kf7 26. Qf5+ Kg8 27. Rd7 Qxc5 28. Qf7+ Kh7 29. Rxb7 Qg5+ 30. f4 Qg1+ 31. Kc2 Bc5 32. Kb3 Rf8 33. Qe6 Rxf4 34. h6 Ra4 35. Kxa4 1-0


[Site "https://www.chess.com"]

[Event "Titled Tuesday Blitz January 10 Early 2023"]
[White "Shubenkova, Veronika"]
[Black "Hsu, Li Yang"]
[WhiteFideId "44124040"]
[BlackFideId "5800080"]
[WhiteElo "1960"]
[BlackElo "2427"]
[Result "0-1"]
[Round "11"]
[TimeControl "180+2"]
[Date "2023.01.10"]
[WhiteClock "0:00:03"]
[BlackClock "0:00:12"]

1. e4 c6 2. d4 d5 3. Nc3 dxe4 4. Nxe4 Nd7 5. c3 Ngf6 6. Ng3 e6 7. Nf3 Bd6 8. Bd3 Qc7 9. O-O b6 10. Re1 O-O 11. b3 Bb7 12. Bb2 c5 13. Rc1 Rad8 14. Bb1 Bf4 15. Rc2 c4 16. Rce2 Bd5 17. Nf1 Qb7 18. N1d2 Bxd2 19. Rxd2 b5 20. Ba3 Rfe8 21. Bd6 a5 22. Qe2 cxb3 23. axb3 Bxb3 24. Rb2 a4 25. Bd3 Nb6 26. Bc5 Nc4 27. Rbb1 Qc8 28. Ne5 Nxe5 29. Qxe5 Nd7 30. Qe4 f5 31. Qe2 Nxc5 32. dxc5 Qxc5 33. Bxb5 Re7 34. c4 Rd6 35. Qf3 h6 36. Rb2 Kh7 37. Rbe2 Bxc4 38. Re5 Bd5 39. Qe2 a3 40. Bd3 Rf7 41. g4 g6 42. h4 Qd4 43. h5 a2 44. hxg6+ Kxg6 45. gxf5+ exf5 46. Re8 a1=Q 47. Bxf5+ Kf6 48. Rxa1 Qxa1+ 49. Kh2 Qh1+ 50. Kg3 Qg2+ 51. Kf4 Qg5# 0-1


[Site "https://www.chess.com"]

[Event "Titled Tuesday Blitz January 10 Early 2023"]
[White "Ordekalog"]
[Black "Tarasova, Viktoriya"]
[BlackFideId "4175840"]
[WhiteElo "2635"]
[BlackElo "2226"]
[Result "1-0"]
[Round "11"]
[TimeControl "180+2"]
[Date "2023.01.10"]
[WhiteClock "0:00:03"]
[BlackClock "0:00:02"]

1. d4 Nf6 2. c4 e6 3. Nc3 Bb4 4. Bd2 O-O 5. Nf3 d5 6. e3 b6 7. Rc1 Bb7 8. cxd5 exd5 9. Bd3 Nbd7 10. O-O Re8 11. Nb5 Bxd2 12. Nxd2 Ba6 13. Qa4 Bxb5 14. Bxb5 c5 15. dxc5 bxc5 16. Rfd1 a6 17. Bxd7 Nxd7 18. Nf3 Nb6 19. Qa5 c4 20. Rc2 Qf6 21. Rcd2 h6 22. h3 Rec8 23. Rd4 Qd6 24. e4 Rc5 25. Qd2 Rd8 26. Qe3 Qc7 27. Qa3 a5 28. Qe3 c3 29. bxc3 Rxc3 30. Qe1 Rc5 31. e5 Nc4 32. e6 fxe6 33. Qxe6+ Qf7 34. Qg4 Nb2 35. Re1 Rdc8 36. Ne5 Qf6 37. Nd7 Qd6 38. Nxc5 Qxc5 39. Qe6+ Kh8 40. Rg4 Qc3 41. Re3 Nd3 42. Rxd3 Qc1+ 43. Kh2 Rg8 44. Rdg3 Qd2 45. Qg6 1-0


[Site "https://www.chess.com"]

[Event "Titled Tuesday Blitz January 10 Early 2023"]
[White "Kaminski, Victor"]
[Black "Korchmar, Vasiliy"]
[WhiteFideId "1131630"]
[BlackFideId "24131750"]
[WhiteElo "2247"]
[BlackElo "2438"]
[Result "0-1"]
[Round "11"]
[TimeControl "180+2"]
[Date "2023.01.10"]
[WhiteClock "0:00:01"]
[BlackClock "0:01:08"]

1. d4 Nf6 2. c4 g6 3. Nc3 d5 4. Nf3 Bg7 5. h4 Bg4 6. Ne5 Be6 7. cxd5 Nxd5 8. h5 c5 9. hxg6 hxg6 10. Rxh8+ Bxh8 11. e4 Nxc3 12. bxc3 cxd4 13. cxd4 Bxe5 14. dxe5 Qa5+ 15. Qd2 Qxe5 16. Bb2 Qxe4+ 17. Be2 Bc4 18. O-O-O Nc6 19. Qd7+ Kf8 20. Rh1 f6 21. Rh8+ Bg8 22. Bf3 Qc4+ 23. Kb1 Rd8 24. Bd5 Qxd5 25. Rxg8+ Kxg8 26. Qxd5+ Rxd5 0-1


[Site "https://www.chess.com"]

[Event "Titled Tuesday Blitz January 10 Early 2023"]
[White "Melian, Juan Sebastian"]
[Black "Kalajzic, Ivan"]
[WhiteFideId "3706575"]
[BlackFideId "14506378"]
[WhiteElo "2293"]
[BlackElo "2062"]
[Result "0-1"]
[Round "11"]
[TimeControl "180+2"]
[Date "2023.01.10"]
[WhiteClock "0:00:07"]
[BlackClock "0:00:21"]

1. d4 d5 2. c3 Nc6 3. Nf3 Bg4 4. Nbd2 f6 5. Qc2 e5 6. e3 e4 7. Ng1 f5 8. a3 Nf6 9. c4 Ne7 10. Ne2 c6 11. h4 Ng6 12. f3 exf3 13. gxf3 Bh5 14. Qxf5 Bd6 15. Qe6+ Qe7 16. Qxe7+ Kxe7 17. e4 dxe4 18. fxe4 Bxe2 19. Bxe2 Bg3+ 20. Kd1 Nxh4 21. e5 Ng2 22. Ne4 Nxe4 23. Rg1 Nh4 24. Kc2 Rhf8 25. Bd3 Rf2+ 26. Kb1 Nf3 27. Rh1 Ned2+ 28. Ka2 Nxd4 29. Rxh7 N2b3 30. Bg5+ Ke6 31. Rxg7 Bxe5 32. Re7+ Kd6 33. Rh1 Nf5 34. Bxf5 Rxb2# 0-1


[Site "https://www.chess.com"]

[Event "Titled Tuesday Blitz January 10 Early 2023"]
[White "Buksa, Nataliya"]
[Black "Boraso, Alessio"]
[WhiteFideId "14123622"]
[BlackFideId "848077"]
[WhiteElo "2406"]
[BlackElo "2316"]
[Result "1-0"]
[Round "11"]
[TimeControl "180+2"]
[Date "2023.01.10"]
[WhiteClock "0:01:05"]
[BlackClock "0:00:01"]

1. d4 Nf6 2. c4 g6 3. Nc3 Bg7 4. Nf3 O-O 5. e3 c5 6. Be2 cxd4 7. exd4 d5 8. cxd5 Nxd5 9. O-O Nc6 10. h3 b6 11. Bg5 Bb7 12. Rc1 h6 13. Bh4 Nf4 14. Bg3 Nxe2+ 15. Nxe2 Rc8 16. a3 Na5 17. Rxc8 Qxc8 18. Nc3 Rd8 19. Qe2 Ba6 20. Qxe7 Bxf1 21. Kxf1 Qd7 22. Qe2 Nb3 23. Kg1 Nxd4 24. Nxd4 Qxd4 25. Kh2 Qd3 26. Qe7 Qd7 27. Qe4 b5 28. Qe2 a6 29. Ne4 Qe6 30. Qf3 Rd5 31. b4 Be5 32. Nc5 Bxg3+ 33. fxg3 Qf5 34. Qe2 Qc8 35. Qe3 Kh7 36. Ne4 Rf5 37. Nd6 Qe6 38. Nxf5 Qxf5 39. Qb6 Qe6 40. Qc7 Kg7 41. Qc3+ Qf6 42. Qe3 h5 43. h4 Qd6 44. Qe4 Qe6 45. Qd4+ Qf6 46. Qc5 Qe6 47. Qc2 Kf6 48. a4 Qc4 49. Qb2+ Ke6 50. a5 Kd5 51. Qd2+ Ke4 52. Qd6 Ke3 53. Qxa6 Qxb4 54. Qb6+ Kd3 55. a6 Qa4 56. a7 b4 57. Qd8+ Kc2 58. a8=Q Qxa8 59. Qxa8 b3 60. Qe4+ Kb2 61. Qd4+ Ka2 62. Qc4 f5 63. Qa6+ Kb1 64. Qxg6 Ka2 65. Qxh5 Kb2 66. Qxf5 Ka2 67. g4 Ka3 68. g5 1-0


[Site "https://www.chess.com"]

[Event "Titled Tuesday Blitz January 10 Early 2023"]
[White "Gheorghiu, Calin"]
[Black "Khalafova, Narmin"]
[WhiteFideId "1200305"]
[BlackFideId "13402625"]
[WhiteElo "2313"]
[BlackElo "2246"]
[Result "1-0"]
[Round "11"]
[TimeControl "180+2"]
[Date "2023.01.10"]
[WhiteClock "0:00:15"]
[BlackClock "0:00:25"]

1. b3 Nf6 2. Bb2 g6 3. g3 Bg7 4. Bg2 O-O 5. e3 d5 6. Ne2 c5 7. d3 Nc6 8. Nd2 Bg4 9. h3 Bf5 10. g4 Bc8 11. O-O h5 12. g5 Ne8 13. Qc1 e5 14. f4 Nc7 15. Nf3 exf4 16. Bxg7 Kxg7 17. Nxf4 Ne6 18. Qb2+ Kh7 19. c4 Nxf4 20. exf4 d4 21. Rae1 Bf5 22. Qd2 Qc8 23. Kh2 Re8 24. Nh4 Rxe1 25. Rxe1 Be6 26. a3 Ne7 27. b4 Nf5 28. Nxf5 Bxf5 29. Re5 cxb4 30. Qxb4 Bxd3 31. Bxb7 Qf8 32. Bxa8 Qxa8 33. Re7 Kg7 34. Qd6 Bxc4 35. Qe5+ Kf8 36. Qh8+ Kxe7 37. Qxa8 d3 38. Qxa7+ Kd6 39. Qd4+ Kc6 40. Qxc4+ Kb6 41. Qxd3 Ka5 42. Qd5+ Ka4 43. Qxf7 Kxa3 44. Qxg6 Kb2 45. Qxh5 Kc3 46. Qe2 Kd4 47. f5 Kd5 48. f6 Kd4 49. f7 1-0


[Site "https://www.chess.com"]

[Event "Titled Tuesday Blitz January 10 Early 2023"]
[White "Degenbaev, Aziz"]
[Black "Bove, Alessandro"]
[WhiteFideId "13802640"]
[BlackFideId "814121"]
[WhiteElo "2203"]
[BlackElo "2311"]
[Result "0-1"]
[Round "11"]
[TimeControl "180+2"]
[Date "2023.01.10"]
[WhiteClock "0:00:24"]
[BlackClock "0:00:19"]

1. e4 c5 2. Nf3 d6 3. d4 cxd4 4. Nxd4 Nf6 5. Nc3 g6 6. f3 Bg7 7. Be3 O-O 8. Qd2 Nc6 9. g4 Bd7 10. h4 Ne5 11. O-O-O Qa5 12. Kb1 Rfc8 13. h5 Nxf3 14. Nxf3 Rxc3 15. Qxc3 Qxc3 16. bxc3 Bxg4 17. Bg2 Nxe4 18. Bd4 Nxc3+ 19. Bxc3 Bxc3 20. hxg6 hxg6 21. Rd3 Bf6 22. Nd4 Rc8 23. Bh3 Bxh3 24. Rhxh3 a6 25. Nb3 Rc4 26. Na5 Rf4 27. c3 b6 28. Nc6 g5 29. Nb4 Bxc3 30. Rxc3 Rxb4+ 31. Rb3 Rxb3+ 32. Rxb3 b5 33. Rc3 Kg7 34. Rc6 f5 35. Rxa6 g4 36. Rb6 g3 37. Rxb5 e5 38. Kc2 f4 39. Kd2 Kf6 40. Ke2 e4 41. a4 f3+ 42. Ke3 g2 43. Rb1 d5 44. a5 d4+ 45. Kf2 Kf5 46. a6 Kf4 47. a7 e3+ 48. Kg1 Kg3 49. a8=Q f2# 0-1


[Site "https://www.chess.com"]

[Event "Titled Tuesday Blitz January 10 Early 2023"]
[White "Legenia, Artem"]
[Black "Matveeva, Olga"]
[WhiteFideId "14136945"]
[BlackFideId "24107018"]
[WhiteElo "2092"]
[BlackElo "2128"]
[Result "1/2-1/2"]
[Round "11"]
[TimeControl "180+2"]
[Date "2023.01.10"]
[WhiteClock "0:00:53"]
[BlackClock "0:02:13"]

1. Nf3 d5 2. c4 e6 3. g3 Nf6 4. Bg2 Be7 5. b3 O-O 6. Bb2 c5 7. cxd5 Nxd5 8. O-O Nc6 9. Nc3 Bf6 10. Rc1 b6 11. Qc2 Nxc3 12. Bxc3 Bxc3 13. Qxc3 Bb7 14. d3 Rc8 15. Rfd1 Qe7 16. Ne5 Nxe5 17. Bxb7 Qxb7 18. Qxe5 Rfd8 19. Qc3 h6 20. b4 cxb4 1/2-1/2


[Site "https://www.chess.com"]

[Event "Titled Tuesday Blitz January 10 Early 2023"]
[White "Bozorov, Makhsum"]
[Black "Martinez, Shawn"]
[WhiteFideId "14201330"]
[BlackFideId "2039770"]
[WhiteElo "2145"]
[BlackElo "1881"]
[Result "0-1"]
[Round "11"]
[TimeControl "180+2"]
[Date "2023.01.10"]
[WhiteClock "0:00:09"]
[BlackClock "0:00:35"]

1. d4 Nf6 2. c4 g6 3. Nf3 Bg7 4. g3 a6 5. Bg2 d6 6. O-O O-O 7. Nc3 Nbd7 8. h3 c5 9. d5 Rb8 10. a4 Ne5 11. Nxe5 dxe5 12. e4 Ne8 13. Be3 Qc7 14. a5 Nd6 15. b3 f5 16. f3 h6 17. Bf2 Kh7 18. Na4 b5 19. axb6 Rxb6 20. Nxc5 fxe4 21. Nxe4 Nxe4 22. fxe4 Rb8 23. Be3 Qb7 24. Rxf8 Bxf8 25. Rb1 Qb4 26. Kh2 a5 27. Bd2 Qc5 28. Qg1 Qa3 29. Qa7 Rxb3 30. Rxb3 Qxb3 31. Bxa5 Qxc4 32. Bd8 Qb4 33. Qa8 Qc5 34. Ba5 Kg8 35. Bd8 Bd7 36. Qb8 Kf7 37. Qxe5 Qf2 38. Bc7 Bg7 39. Qf4+ Qxf4 40. Bxf4 e5 41. Be3 Bf8 42. h4 h5 43. Bh3 Bg4 44. Bxg4 hxg4 45. Kg2 Bb4 46. Bc1 Ke7 47. Bb2 Kd6 48. Kf2 Bc5+ 49. Kg2 Bb4 50. Bc1 Kc5 51. Be3+ Kc4 52. Bg1 Kd3 53. Bb6 Kxe4 54. d6 Kd3 55. Bf2 Bxd6 56. Bb6 Ke2 57. Bd8 e4 58. Bg5 Bc5 59. Bf4 Be3 60. Be5 Bh6 61. Bf6 Bf8 62. Bg5 Bc5 63. Bf6 Kd3 64. Kf1 e3 65. h5 e2+ 66. Kg2 gxh5 0-1


[Site "https://www.chess.com"]

[Event "Titled Tuesday Blitz January 10 Early 2023"]
[White "Stanojevic, Ilija"]
[Black "Sala, Giulia"]
[WhiteFideId "959995"]
[BlackFideId "2840451"]
[WhiteElo "2142"]
[BlackElo "1998"]
[Result "1-0"]
[Round "11"]
[TimeControl "180+2"]
[Date "2023.01.10"]
[WhiteClock "0:00:13"]
[BlackClock "0:00:05"]

1. d4 Nf6 2. c4 e6 3. g3 c6 4. Bg2 d5 5. Nf3 Bd6 6. Nbd2 Nbd7 7. Qc2 O-O 8. O-O Qe7 9. e4 dxe4 10. Nxe4 Bc7 11. Re1 Nb6 12. Bg5 Nbd7 13. Rad1 h6 14. Nxf6+ Nxf6 15. Bd2 Rd8 16. Bc3 b6 17. Ne5 Bb7 18. Nxc6 Bxc6 19. Bxc6 Rac8 20. d5 Bd6 21. a3 Bc5 22. b4 Bd6 23. Qb2 Rc7 24. Be5 exd5 25. Bxf6 Qxf6 26. Qxf6 gxf6 27. cxd5 Be5 28. b5 Re7 29. f4 Bd6 30. Rxe7 Bxe7 31. Re1 Bxa3 32. Ra1 Bc5+ 33. Kg2 Kf8 34. Rxa7 Rc8 35. Kf3 Rd8 36. h3 Rd6 37. Ke4 Kg7 38. g4 Kg6 39. Be8 f5+ 40. Ke5 fxg4 41. hxg4 Rf6 42. Rd7 Ba3 43. d6 Bb2+ 44. Ke4 Ba3 45. f5+ Kg5 46. Ke5 Bb2+ 47. Kd5 Kxg4 48. Rxf7 Kxf5 49. Rxf6+ Bxf6 50. d7 Bd8 51. Kc6 Kg5 52. Kb7 Kf6 53. Kc8 Ke7 54. Bh5 Kd6 55. Kxd8 Kc5 56. Kc7 Kxb5 57. d8=Q 1-0


[Site "https://www.chess.com"]

[Event "Titled Tuesday Blitz January 10 Early 2023"]
[White "Wilson, Elvin"]
[Black "Lesbekova, Assel"]
[WhiteFideId "2014874"]
[BlackFideId "13713248"]
[WhiteElo "2183"]
[BlackElo "1772"]
[Result "1-0"]
[Round "11"]
[TimeControl "180+2"]
[Date "2023.01.10"]
[WhiteClock "0:00:10"]
[BlackClock "0:00:01"]

1. c4 f5 2. g3 g6 3. Bg2 Bg7 4. Nc3 Nf6 5. d3 d6 6. e4 Nc6 7. Nge2 e5 8. O-O O-O 9. exf5 Bxf5 10. h3 Qd7 11. Kh2 Rae8 12. Be3 Kh8 13. Qd2 Qf7 14. Rae1 e4 15. dxe4 Nxe4 16. Nxe4 Bxe4 17. f3 Bf5 18. b3 Ne5 19. Nd4 Bd7 20. f4 Nc6 21. Nb5 Be6 22. Nd4 Nxd4 23. Bxd4 Bc8 24. Qc3 a6 25. Bd5 Qd7 26. Be6 Rxe6 27. Rxe6 Qxe6 28. Bxg7+ Kg8 29. Bxf8 Qxh3+ 30. Kg1 Kxf8 31. Qf6+ Kg8 32. Qd8+ Kg7 33. Qh4 Qe6 34. Kf2 Qe4 35. Re1 Qd4+ 36. Kf1 Qd3+ 37. Kg1 Qd4+ 38. Kf1 Qd3+ 39. Kf2 Qd4+ 40. Re3 Qd2+ 41. Re2 Qd4+ 42. Ke1 Qa1+ 43. Kf2 Qd4+ 44. Kg2 Bf5 45. Qe7+ Kh6 46. Qg5+ Kg7 47. Re7+ Kg8 48. Re2 Be4+ 49. Kh2 Qd3 50. Qd8+ Kg7 51. Qe7+ Kh6 52. Qxe4 Qxe4 53. Rxe4 1-0


[Site "https://www.chess.com"]

[Event "Titled Tuesday Blitz January 10 Early 2023"]
[White "Leiva, Gianmarco"]
[Black "Kovacevic, Radmila"]
[WhiteFideId "3804399"]
[BlackFideId "933171"]
[WhiteElo "2392"]
[BlackElo "2106"]
[Result "1-0"]
[Round "11"]
[TimeControl "180+2"]
[Date "2023.01.10"]
[WhiteClock "0:00:09"]
[BlackClock "0:00:13"]

1. e4 e5 2. Nf3 f5 3. Nc3 Nc6 4. Bb5 fxe4 5. Nxe4 d5 6. Nxe5 dxe4 7. Qh5+ g6 8. Nxg6 Nf6 9. Qe5+ Kf7 10. Nxh8+ Kg7 11. Bxc6 bxc6 12. d4 Bd6 13. Bh6+ Kxh6 14. Nf7+ Kg6 15. Nxd8 Bxe5 16. dxe5 Ng4 17. Nxc6 Bd7 18. h3 Nxf2 19. Kxf2 Bxc6 20. Ke3 Kf5 21. Rhf1+ Kxe5 22. Rf7 Rc8 23. Raf1 Bd5 24. R1f5+ Ke6 25. R7f6+ Ke7 26. Rh6 Bg8 27. Kxe4 Rb8 28. b3 Rb4+ 29. c4 Rb8 30. Ra5 Kd7 31. Rxa7 Re8+ 32. Kd4 Re2 33. Ra8 Be6 34. Rxh7+ Kc6 35. Ra7 Rxg2 36. Rhxc7+ Kd6 37. c5# 1-0


[Site "https://www.chess.com"]

[Event "Titled Tuesday Blitz January 10 Early 2023"]
[White "Al-Tarboush, Ward"]
[Black "Buscar, Michael"]
[WhiteFideId "7601450"]
[BlackFideId "2603616"]
[WhiteElo "2256"]
[BlackElo "2041"]
[Result "0-1"]
[Round "11"]
[TimeControl "180+2"]
[Date "2023.01.10"]
[WhiteClock "0:02:14"]
[BlackClock "0:01:51"]

1. e4 c5 2. Nf3 Nc6 3. d4 cxd4 4. Nxd4 Nf6 5. Nc3 e5 6. Ndb5 h6 7. Be2 d6 8. Nd5 Nxd5 9. exd5 Nb8 10. c4 Be7 11. Be3 O-O 12. Nxa7 Rxa7 13. Bxa7 Qa5+ 14. Qd2 Qxa7 15. O-O f5 16. b4 e4 17. c5 dxc5 18. d6 Bf6 19. Qd5+ Kh8 20. bxc5 Bxa1 21. Rxa1 Nd7 22. Rc1 Nf6 23. Qe5 Qxa2 24. Bc4 Qd2 25. Ra1 Ng4 26. Qg3 f4 27. Qh4 e3 28. fxe3 fxe3 29. h3 Qf2+ 30. Qxf2 exf2+ 31. Kf1 Ne3+ 32. Ke2 Nxc4 33. Rf1 Bd7 34. Rxf2 Rxf2+ 35. Kxf2 Kg8 36. Kf3 Kf7 37. Kf4 Ke6 0-1


[Site "https://www.chess.com"]

[Event "Titled Tuesday Blitz January 10 Early 2023"]
[White "Womacka, Mathias"]
[Black "Gressmann, Moritz"]
[WhiteFideId "4611390"]
[BlackFideId "24695084"]
[WhiteElo "2396"]
[BlackElo "2129"]
[Result "0-1"]
[Round "11"]
[TimeControl "180+2"]
[Date "2023.01.10"]
[WhiteClock "0:00:01"]
[BlackClock "0:00:28"]

1. e4 d6 2. d4 Nf6 3. Nc3 e5 4. Nf3 exd4 5. Nxd4 Nc6 6. Bb5 Bd7 7. Bxc6 bxc6 8. O-O Be7 9. Qf3 O-O 10. h3 c5 11. Nf5 Bxf5 12. Qxf5 Qd7 13. Qxd7 Nxd7 14. Nd5 Bd8 15. Bf4 Nf6 16. Rfe1 Re8 17. f3 Nxd5 18. exd5 Bf6 19. c3 Kf8 20. Kf2 Rab8 21. Rxe8+ Kxe8 22. Re1+ Kd7 23. Bc1 c6 24. dxc6+ Kxc6 25. Re4 d5 26. Ra4 Rb7 27. h4 d4 28. c4 Bxh4+ 29. Ke2 Re7+ 30. Kd3 Be1 31. a3 a5 32. Bd2 Bxd2 33. Kxd2 Kb6 34. b4 axb4 35. axb4 cxb4 36. Rxb4+ Kc5 37. Ra4 Rb7 38. g4 Rb2+ 39. Kd3 Rb3+ 40. Ke4 Re3+ 41. Kf4 Rc3 42. Ra7 d3 43. Ke3 d2+ 44. Kxd2 Rxf3 45. Rc7+ Kd4 46. c5 Kd5 47. g5 Rf5 48. Ke3 Rxg5 49. Rxf7 Kxc5 50. Kf4 Rg6 51. Kf5 Kd6 52. Rf8 Rg1 53. Rh8 g6+ 54. Kf4 h5 55. Ra8 Rg4+ 56. Kf3 Ke6 57. Ra7 Kf5 58. Ra5+ Kf6 59. Ra6+ Kg5 60. Ra5+ Kh4 61. Ra1 Rg3+ 62. Kf2 g5 0-1


[Site "https://www.chess.com"]

[Event "Titled Tuesday Blitz January 10 Early 2023"]
[White "Chos, Alexey"]
[Black "Bazarov, Konstantin"]
[WhiteFideId "14117762"]
[BlackFideId "4137000"]
[WhiteElo "2296"]
[BlackElo "2235"]
[Result "1-0"]
[Round "11"]
[TimeControl "180+2"]
[Date "2023.01.10"]
[WhiteClock "0:01:45"]
[BlackClock "0:00:22"]

1. Nf3 Nf6 2. c4 c6 3. g3 d5 4. Bg2 g6 5. O-O Bg7 6. d4 dxc4 7. a4 Na6 8. Na3 Be6 9. Ng5 Bd5 10. e4 h6 11. exd5 hxg5 12. dxc6 Nd5 13. cxb7 Rb8 14. Nxc4 Rxb7 15. Bxg5 O-O 16. Be3 Rb4 17. Qc2 e6 18. Ne5 Nxe3 19. fxe3 Bxe5 20. dxe5 Qg5 21. Qc3 Rfb8 22. Rf4 Rxb2 23. Qa5 Rb1+ 24. Rxb1 Rxb1+ 25. Bf1 Nb8 26. Qc7 Na6 27. Qxf7+ Kh8 28. Qf8+ Kh7 29. Rf7# 1-0


[Site "https://www.chess.com"]

[Event "Titled Tuesday Blitz January 10 Early 2023"]
[White "Fayzullaev, Akmal"]
[Black "Jiganchine, Roman"]
[WhiteFideId "14200554"]
[BlackFideId "2603667"]
[WhiteElo "2391"]
[BlackElo "2205"]
[Result "1-0"]
[Round "11"]
[TimeControl "180+2"]
[Date "2023.01.10"]
[WhiteClock "0:00:06"]
[BlackClock "0:00:01"]

1. e4 c6 2. c4 d5 3. exd5 cxd5 4. cxd5 Nf6 5. Qa4+ Nbd7 6. Nc3 g6 7. Bc4 Bg7 8. d3 O-O 9. Nf3 Nb6 10. Qb3 h6 11. O-O g5 12. Re1 Bf5 13. Be3 Ne8 14. Nd4 Bg6 15. a4 Nd6 16. a5 Nd7 17. Nf3 a6 18. h3 Nf5 19. Na4 Nxe3 20. Rxe3 Rc8 21. Rae1 Bf6 22. Qxb7 h5 23. Nb6 Nxb6 24. axb6 Rb8 25. Qxa6 Rxb6 26. Qa7 Rxb2 27. Qc5 Qb6 28. Qxb6 Rxb6 29. Rxe7 g4 30. hxg4 hxg4 31. Nh2 g3 32. fxg3 Bxe7 33. Rxe7 Rb1+ 34. Kf2 Rd8 35. Ng4 Kf8 36. Rc7 Rd6 37. Ke3 Re1+ 38. Kd4 Kg7 39. Ne5 Rf6 40. Nf3 Rf1 41. Ke3 Ra1 42. g4 Rb6 43. g5 Rf1 44. Kd4 Rfb1 45. Kc5 R6b2 46. d6 Rd1 47. Ne5 Bf5 48. Rxf7+ Kh8 49. Rxf5 1-0


[Site "https://www.chess.com"]

[Event "Titled Tuesday Blitz January 10 Early 2023"]
[White "Rian, Kapriaga"]
[Black "Mkrtchian, Lilit"]
[WhiteFideId "7103263"]
[BlackFideId "13300601"]
[WhiteElo "2089"]
[BlackElo "2389"]
[Result "0-1"]
[Round "11"]
[TimeControl "180+2"]
[Date "2023.01.10"]
[WhiteClock "0:00:01"]
[BlackClock "0:00:52"]

1. d4 Nf6 2. Nf3 d5 3. Bf4 c5 4. e3 Nc6 5. Nbd2 Bg4 6. c3 e6 7. Qa4 Nd7 8. Bb5 Qc8 9. Ne5 Ncxe5 10. Bxe5 a6 11. Bxd7+ Qxd7 12. Qxd7+ Kxd7 13. f3 Bf5 14. e4 Bg6 15. exd5 exd5 16. O-O f6 17. Bf4 c4 18. Rfe1 Be7 19. h4 b5 20. a3 a5 21. Nf1 Rhe8 22. Ne3 Bf7 23. Re2 b4 24. axb4 axb4 25. Rxa8 Rxa8 26. g4 Ra2 27. Kf2 b3 28. h5 Ba3 29. Nd1 Ra1 30. Ne3 Bf8 31. Re1 Ra2 32. Re2 g6 33. hxg6 hxg6 34. Bg3 g5 35. f4 gxf4 36. Bxf4 Kc6 37. Nf5 Ba3 38. Bc1 Ra1 39. Re1 Rxc1 40. Rxc1 Bxb2 0-1


[Site "https://www.chess.com"]

[Event "Titled Tuesday Blitz January 10 Early 2023"]
[White "Sargissyan, Sargis"]
[Black "Tomaszewski, Kacper"]
[WhiteFideId "13303210"]
[BlackFideId "1127373"]
[WhiteElo "2234"]
[BlackElo "2313"]
[Result "1/2-1/2"]
[Round "11"]
[TimeControl "180+2"]
[Date "2023.01.10"]
[WhiteClock "0:00:08"]
[BlackClock "0:00:15"]

1. e4 e5 2. Nf3 Nc6 3. Bb5 Nge7 4. Nc3 Ng6 5. d4 exd4 6. Nxd4 Nxd4 7. Qxd4 c6 8. Bc4 Qb6 9. Be3 Qxd4 10. Bxd4 d6 11. O-O-O Bg4 12. f3 Be6 13. Be2 Rg8 14. g3 f6 15. f4 Bf7 16. h4 Be7 17. h5 Nf8 18. g4 Ne6 19. Be3 Nc5 20. b4 Nd7 21. Kb2 Nb6 22. f5 Nc4+ 23. Bxc4 Bxc4 24. Bf4 O-O-O 25. Rd4 Bf7 26. Rhd1 c5 27. bxc5 dxc5 28. Rxd8+ Rxd8 29. Nd5 Bxd5 30. exd5 Bd6 31. Bxd6 Rxd6 32. c4 Rb6+ 33. Kc3 Ra6 34. Kb3 Rb6+ 35. Kc3 Ra6 36. Re1 Kd7 37. Kb3 Rb6+ 38. Kc3 Rb4 39. h6 gxh6 40. Re6 b5 41. cxb5 Rxg4 42. Rxf6 h5 43. Rh6 h4 44. f6 Rf4 45. Kd3 Kd6 46. Rxh7 Kxd5 47. Rd7+ Ke6 48. Rxa7 h3 49. Rh7 Kxf6 50. Rxh3 Ra4 51. Rh2 Ke5 52. Kc3 Kd5 53. Rd2+ Ke5 54. Rb2 Kd5 55. b6 Rc4+ 56. Kd3 Rd4+ 57. Kc3 Rc4+ 58. Kd3 Rd4+ 59. Kc3 Kc6 60. b7 Rb4 61. Rxb4 cxb4+ 62. Kxb4 Kxb7 63. a4 Ka7 64. a5 Ka6 65. Kc3 Ka7 66. Kd4 Ka8 67. Ke4 Kb8 68. Kf4 Ka8 69. Kf5 Kb8 70. a6 Ka8 71. a7 Kxa7 1/2-1/2


[Site "https://www.chess.com"]

[Event "Titled Tuesday Blitz January 10 Early 2023"]
[White "Ortega Amarelle, Mariano"]
[Black "Levitan, Caleb Levi"]
[WhiteFideId "3504301"]
[BlackFideId "14332620"]
[WhiteElo "2472"]
[BlackElo "2129"]
[Result "0-1"]
[Round "11"]
[TimeControl "180+2"]
[Date "2023.01.10"]
[WhiteClock "0:00:01"]
[BlackClock "0:00:01"]

1. c3 d5 2. d3 e5 3. Nd2 Nf6 4. e4 c6 5. Ngf3 Bd6 6. g3 Be6 7. Bg2 O-O 8. O-O h6 9. Re1 Nbd7 10. d4 dxe4 11. Nxe5 Bxe5 12. dxe5 Nxe5 13. Nxe4 Nxe4 14. Bxe4 Qxd1 15. Rxd1 Bg4 16. Rd4 f5 17. Bf4 fxe4 18. Bxe5 Bf5 19. Kg2 Rad8 20. Rad1 Rxd4 21. Rxd4 Kf7 22. Rb4 b6 23. Rd4 g6 24. Rd6 c5 25. Rc6 Re8 26. Bd6 Bd7 27. Rc7 Ke6 28. Bf4 Ra8 29. Bxh6 Kd6 30. Bf4+ Ke6 31. h3 a5 32. a3 Rf8 33. Rb7 e3 34. Rxb6+ Kd5 35. Bxe3 Bc6 36. Kf1 Bd7 37. h4 Bh3+ 38. Ke2 Bg4+ 39. Kd2 Bf5 40. b3 c4 41. bxc4+ Kxc4 42. Bd4 a4 43. Rb4+ Kd5 44. Rxa4 Rb8 45. Rb4 Ra8 46. a4 Bd7 47. Be3 Bxa4 48. c4+ Ke6 49. Rb6+ Kf5 50. Kc3 Bd7 51. c5 Rc8 52. Rd6 Bc6 53. Kd4 Bg2 54. Kc4 Bc6 55. Rxc6 Rxc6 56. Kd5 Rc8 57. c6 Rd8+ 58. Kc5 Ke6 59. c7 Rc8 60. Kc6 Ke7 61. g4 Ke6 62. h5 gxh5 63. gxh5 Rh8 64. h6 Ke7 65. Bf4 Rc8 66. Bg5+ Ke6 67. f4 Rh8 68. Kb7 Kd7 69. h7 Rc8 70. Bf6 Rxc7+ 0-1


[Site "https://www.chess.com"]

[Event "Titled Tuesday Blitz January 10 Early 2023"]
[White "Marcziter, Dmitrii"]
[Black "Mayank Chakraborty"]
[WhiteFideId "13900765"]
[BlackFideId "25659766"]
[WhiteElo "2234"]
[BlackElo "2025"]
[Result "0-1"]
[Round "11"]
[TimeControl "180+2"]
[Date "2023.01.10"]
[WhiteClock "0:00:27"]
[BlackClock "0:00:38"]

1. e4 c5 2. Nc3 d6 3. f4 g6 4. Nf3 Bg7 5. Bc4 Nc6 6. d3 e6 7. O-O Nge7 8. f5 exf5 9. Ng5 Ne5 10. exf5 Bxf5 11. Nxf7 Nxf7 12. Bxf7+ Kxf7 13. g4 Bd4+ 14. Kh1 Qd7 15. Bg5 Rhe8 16. Bxe7 Kxe7 17. gxf5 gxf5 18. Qf3 Rf8 19. Rae1+ Kd8 20. Nd5 Bxb2 21. Re7 Qc6 22. Rxh7 Be5 23. c4 Qe8 24. Rg1 Bd4 25. Rb1 Rf7 26. Rh6 Qe5 27. Nf4 Re7 28. Ng6 Qe3 29. Qd5 Qxd3 30. Qxd6+ Rd7 31. Qf8+ Kc7 32. Qxf5 Qxf5 33. Rxb7+ Kc8 34. Rh8+ Kxb7 35. Re8 Qe5 36. Rxe5 Bxe5 37. Nxe5 Rd1+ 38. Kg2 Rd2+ 39. Kf3 Rxa2 40. h4 Ra6 41. h5 Rf6+ 42. Kg4 Rff8 43. Kg5 Rg8+ 44. Ng6 Kc6 45. h6 Kd6 46. h7 Rxg6+ 47. Kxg6 Rh8 48. Kg7 Rxh7+ 49. Kxh7 a5 50. Kg6 Ke5 51. Kg5 Kd4 52. Kg4 a4 53. Kf4 Kxc4 54. Kf5 Kb3 55. Ke6 c4 56. Kd6 c3 57. Kc6 c2 58. Kd6 c1=Q 59. Ke6 a3 60. Ke5 a2 61. Kf5 a1=N 62. Kf6 Nc2 63. Kg6 Kc3 64. Kf7 Qe3 65. Kf6 Kd4 66. Kf5 Kd5 67. Kf6 Nd4 68. Kf7 Qe4 69. Kf8 Ke5 70. Kg7 Qg4+ 71. Kf7 Qd7+ 72. Kg6 Ne6 73. Kh5 Qh7+ 74. Kg4 Qf5+ 75. Kg3 Ke4 76. Kg2 Nc5 77. Kg3 Na6 78. Kg2 Nb8 79. Kg3 Nd7 80. Kg2 Nb6 81. Kg3 Qg5+ 82. Kh3 Kf3 83. Kh2 Kf2 84. Kh3 Na4 85. Kh2 Qh6# 0-1


[Site "https://www.chess.com"]